 Dungeon Crawl Stone Soup version 0.22-a0-512-g0943f25 (webtiles) character file.

93 inc the Conjurer (level 4, -4/36 HPs)
             Began as a Tengu Air Elementalist on June 18, 2018.
             Slain by a centaur (5 damage)
             ... on level 2 of the Dungeon.
             The game lasted 00:04:15 (1865 turns).

inc the Conjurer (Tengu Air Elementalist)           Turns: 1865, Time: 00:04:16

Health: -4/36      AC: 22    Str:  8    XL:     4   Next: 62%
Magic:  7/8        EV:  2    Int: 17    God:
Gold:   88         SH:  0    Dex: 14    Spells: 6/7 levels left

rFire    + . .     SeeInvis .   b - +0 whip
rCold    . . .     Gourm    .   (no shield)
rNeg     + + +     Faith    .   (armour currently unavailable)
rPois    +         Spirit   .   (helmet currently unavailable)
rElec    .         Reflect  .   (cloak currently unavailable)
rCorr    .         Harm     .   (gloves currently unavailable)
MR       .....     NoTele   +   (boots unavailable)
Stlth    ++........             j - amulet of magic regeneration
HPRegen  0.12/turn              e - ring of protection from fire
MPRegen  0.36/turn              (no ring)

@: tree-form
A: no striking features
a: no special abilities


You were on level 2 of the Dungeon.
You were not hungry.
You were a tree.
You visited 1 branch of the dungeon, and saw 2 of its levels.

You collected 88 gold pieces.

Inventory:

Hand Weapons
 b - a +0 whip (weapon)
Armour
 a - a +0 robe
 m - a +0 leather armour (melded)
 n - a +0 cloak (melded)
Jewellery
 e - a ring of protection from fire (left branch)
 j - an amulet of magic regeneration (around neck)
Scrolls
 g - 2 scrolls of remove curse {unknown}
 k - a scroll of immolation {unknown}
 l - a scroll of enchant armour {unknown}
 o - a scroll of identify {unknown}
Potions
 d - a potion of brilliance {unknown}
 f - a potion of might {unknown}
 h - a potion of curing {unknown}
 i - a potion of lignification
 p - a potion of flight
Comestibles
 c - 4 rations
 q - a chunk of flesh


   Skills:
 - Level 2.1 Dodging
 - Level 2.0 Stealth
 - Level 2.0 Spellcasting
 + Level 5.7 Conjurations
 - Level 4.0 Air Magic


You had 6 spell levels left.
You knew the following spells:

 Your Spells              Type           Power        Failure   Level  Hunger
a - Shock                 Conj/Air       ###.         2%          1    #......

Your spell library contained the following spells:

 Spells                   Type           Power        Failure   Level  Hunger
 Lightning Bolt           Conj/Air       ###.......   58%         5    ######.
 Swiftness                Chrm/Air       #.......     13%         2    ###....
 Airstrike                Air            ###.......   36%         4    #####..
 Static Discharge         Conj/Air       ###.....     8%          3    ###....


Dungeon Overview and Level Annotations

Branches:
Dungeon (2/15)

Altars:


Innate Abilities, Weirdness & Mutations

((You have a beak for a mouth.))
((You have claws for feet.))


Message History

Unknown command.
Okay, then.
Casting: Shock (safe; 3% risk of failure)
Confirm with . or Enter, or press ? or * to list all spells.
Aiming: Shock (safe; 3% risk of failure)
Press: ? - help, Shift-Dir - straight line The zap misses the centaur.
The centaur barely misses you. The centaur hits you.
* * * LOW HITPOINT WARNING * * *
Unknown command.
Okay, then.
It was a potion of lignification.
You turn into a tree.
Your +0 cloak melds into your body.
Your +0 leather armour melds into your body.
Your roots penetrate the ground.
The centaur hits you but does no damage.
It was a potion of flight.
Your roots keep you in place.
The centaur hits you but does no damage.
The centaur hits you.
You die...

##...##.#
###....##.#
#.)....##.##
..##...##..######
#####..##.......# #
##.##.#####.####
######.##.# ....#
..........######c..#
######.#......##♣..#
#.#.####..((..#
#...# ###((..# #..##
##...# #.## #...#
#.# #...# #.# ##
#(..# #.# #. #####
#.# .##


You could see a centaur.

Vanquished Creatures
  4 adders (D:2)
  2 oozes (D:2)
  3 worms (D:2)
  A dart slug (D:1)
  A leopard gecko (D:2)
  A giant cockroach (D:1)
  7 goblins
  4 hobgoblins
  2 jackals (D:1)
  A ball python (D:2)
  2 bats (D:2)
  A frilled lizard (D:1)
  5 kobolds
  6 rats
40 creatures vanquished.

Notes
Turn   | Place    | Note
-------+----------+-------------------------------------------
     0 | D:1      | inc the Tengu Air Elementalist began the quest for the Orb.
     0 | D:1      | Reached XP level 1. HP: 10/10 MP: 4/4
    59 | D:1      | Reached skill level 2 in Conjurations
   421 | D:1      | Reached XP level 2. HP: 15/15 MP: 3/6
   523 | D:1      | Reached skill level 3 in Conjurations
  1195 | D:2      | Reached skill level 4 in Conjurations
  1195 | D:2      | Reached XP level 3. HP: 19/19 MP: 3/7
  1456 | D:2      | Reached skill level 5 in Conjurations
  1456 | D:2      | Reached XP level 4. HP: 24/24 MP: 4/8
  1856 | D:2      | Noticed a centaur
  1863 | D:2      | HP: 1/24 [centaur (3)]
  1865 | D:2      | Slain by a centaur

Vault maps used:
D:1:      ncdulo_wetmaze

Skill      XL: |  1  2  3 |
---------------+----------+-----
Conjurations   | 2 4 5 |  5.7
Dodging        | |  2.1
Stealth        | |  2.0
Spellcasting   | |  2.0
Air Magic      | |  4.0

Action                   |  1- 3 |  4- 6 || total
-------------------------+-------+-------++-------
Melee: Whip              |     2 |       ||     2
       Peck              |     1 |       ||     1
 Cast: Shock             |    58 |    33 ||    91
  Use: Potion            |       |     2 ||     2
  Eat: Chunk             |     2 |     2 ||     4
Armor: Robe              |     1 |       ||     1
       Skin              |       |     2 ||     2
       Leather armour    |       |     1 ||     1
Dodge: Dodged            |    10 |     7 ||    17

Table legend:
 A = Spawn XP
 B = Non-spawn XP
 C = Spawn XP percentage of total XP
 D = Spawn monster count
 E = Non-spawn monster count
 F = Spawn count percentage of total count
 G = Total turns spent on level
                    A         B        C        D         E        F      G
               +---------+---------+-------+---------+---------+-------+---------
         Total |       0 |     134 |   0.0 |       0 |      40 |   0.0 |  1865
               +---------+---------+-------+---------+---------+-------+---------
           D:1 |       0 |      29 |   0.0 |       0 |      15 |   0.0 |  1250
           D:2 |       0 |     105 |   0.0 |       0 |      25 |   0.0 |   615
               +---------+---------+-------+---------+---------+-------+---------
